 Dungeon Crawl Stone Soup version 0.24.0-37-gcf1ca852f1 (webtiles) character file.

Game seed: 401984953237111702, levelgen mode: deterministic

30 DrKleor the Fighter (level 3, -3/38 HPs)
             Began as a Gnoll Wanderer on Nov 27, 2019.
             Slain by a bullfrog (6 damage)
             ... on level 2 of the Dungeon.
             The game lasted 00:01:59 (822 turns).

DrKleor the Fighter (Gnoll Wanderer)                 Turns: 822, Time: 00:02:00

Health: -3/38      AC:  3    Str: 13    XL:     3   Next: 20%
Magic:  3/3        EV: 15    Int: 14    God:
Gold:   78         SH:  0    Dex: 16    Spells: 3/3 levels left

rFire    . . .     SeeInvis .   d - +0 mace
rCold    . . .     Gourm    .   (no shield)
rNeg     . . .     Faith    .   e - +0 robe
rPois    .         Spirit   .   i - +0 helmet
rElec    .         Reflect  .   (no cloak)
rCorr    .         Harm     .   (no gloves)
MR       .....                  (no boots)
Stlth    +++.......             (no amulet)
HPRegen  0.12/turn              (no ring)
MPRegen  0.08/turn              (no ring)

@: no status effects
A: distributed training, fangs 1, strong nose
a: no special abilities


You were on level 2 of the Dungeon.
You were not hungry.

You visited 1 branch of the dungeon, and saw 2 of its levels.

You collected 78 gold pieces.

Inventory:

Hand Weapons
 a - a +2 short sword
 b - a +0 hand crossbow
 d - a +0 mace (weapon)
 f - a +0 dagger
Missiles
 c - 71 bolts
Armour
 e - a +0 robe (worn)
 i - a +0 helmet (worn)
Scrolls
 j - a scroll of fog {unknown}
 k - a scroll of random uselessness {unknown}
Potions
 h - 2 potions of agility {unknown}
 l - a potion of mutation {unknown}
Comestibles
 g - 5 rations


   Skills:
 + Level 8.5 Fighting
 + Level 2.5 Short Blades
 + Level 0.6 Long Blades
 + Level 0.6 Axes
 + Level 2.5 Maces & Flails
 + Level 0.6 Polearms
 + Level 0.6 Staves
 + Level 0.6 Slings
 + Level 0.6 Bows
 + Level 0.6 Crossbows
 + Level 0.6 Throwing
 + Level 0.6 Armour
 + Level 4.5 Dodging
 + Level 4.1 Stealth
 + Level 0.6 Shields
 + Level 0.6 Unarmed Combat
 + Level 0.6 Spellcasting
 + Level 0.4 Conjurations
 + Level 0.4 Hexes
 + Level 0.4 Charms
 + Level 0.4 Summonings
 + Level 0.4 Necromancy
 + Level 0.4 Translocations
 + Level 0.4 Transmutations
 + Level 0.4 Fire Magic
 + Level 0.4 Ice Magic
 + Level 0.4 Air Magic
 + Level 0.4 Earth Magic
 + Level 0.4 Poison Magic
 + Level 0.8 Invocations
 + Level 0.6 Evocations


You had 3 spell levels left.
You didn't know any spells.
Your spell library was empty.

Dungeon Overview and Level Annotations

Branches:
Dungeon (2/15)

Altars:


Innate Abilities, Weirdness & Mutations

Your experience applies equally to all skills.
You have very sharp teeth.
Your uncanny sense of smell can sniff out nearby items.


Message History

The bullfrog hits you. x2
You hit the bullfrog but do no damage.
The bullfrog is lightly wounded.
The bullfrog hits you. The bullfrog hits you!
You closely miss the bullfrog. Your bite misses the bullfrog.
The bullfrog is lightly wounded.
The bullfrog misses you. The bullfrog hits you.
You sock the bullfrog! Your bite misses the bullfrog.
The bullfrog is heavily wounded.
The bullfrog hits you!
* * * LOW HITPOINT WARNING * * *
You barely miss the bullfrog.
The bullfrog is heavily wounded.
The bullfrog hits you!
* * * LOW HITPOINT WARNING * * *
The bullfrog completely misses you.
You sock the bullfrog! You bite the bullfrog.
The bullfrog is almost dead.
The bullfrog barely misses you. The bullfrog hits you.
You die...

#......# # ∆ #.####.# #
#####.####.##
#...........# #
#.##.......## #.
#.##....##.#####
#..####.##..........##
#..F...##.........###
.......#@..##....##...###
#####..#.#####...........
#....# ##........##
#.#)## #..##....## ###.
####.......... #.
#............. ..
.............>## ##
##.##........... #
###.......##


You could see a bullfrog.

Vanquished Creatures
  7 bats
  3 giant cockroaches
  5 goblins
  6 hobgoblins
  A ball python (D:1)
  A kobold (D:1)
  3 rats
26 creatures vanquished.

Notes
Turn   | Place    | Note
-------+----------+-------------------------------------------
     0 | D:1      | DrKleor the Gnoll Wanderer began the quest for the Orb.
     0 | D:1      | DrKleor set off with the following items: a +2 short sword,
                  | a +0 hand crossbow, 27 bolts, a +0 mace, a +0 robe, a +0
                  | dagger, a ration
     0 | D:1      | Reached XP level 1. HP: 26/26 MP: 1/1
   110 | D:1      | Reached XP level 2. HP: 30/33 MP: 2/2
   688 | D:2      | Reached XP level 3. HP: 38/38 MP: 3/3
   810 | D:2      | Noticed a bullfrog
   822 | D:2      | Slain by a bullfrog

Levels and vault maps discovered:
D:1:      dpeg_arrival_round_c, layout_loops_ring, minmay_bisected
D:2:      layout_basic, kennysheep_path_1

Action                   || total
-------------------------++-------
Melee: Mace              ||    68
       Bite              ||    10
 Stab: Sleeping          ||     6
Armor: Robe              ||     6
Dodge: Dodged            ||    51
